 Dungeon Crawl Stone Soup version 0.31.0-12-g77e489cdc1 (webtiles) character file.

Game seed: 11297700365431128492

116162 lordive the Stickfighter (level 16, -2/151 HPs)
             Began as a Minotaur Gladiator on Feb 28, 2024.
             Was the Champion of Okawaru.
             Slain by a naga
             ... wielding a +0 flail
              (14 damage)
             ... on level 2 of the Snake Pit.
             The game lasted 00:51:13 (26518 turns).

lordive the Stickfighter (Minotaur Gladiator)      Turns: 26518, Time: 00:51:13

Health: -2/151     AC: 29    Str: 20    XL:     16   Next: 20%
Magic:  23/23      EV: 20    Int: 11    God:    Okawaru [******]
Gold:   2266       SH:  0    Dex: 18    Spells: 12/15 levels left

rFire   + + +        k - +8 lajatang "Kasosuuqaga" {spect, Dex+2 Stlth+}
rCold   x . .        (shield currently unavailable)
rNeg    . . .        H - +8 scale mail of Hiuc {rF+++ rC- Will- SInv}
rPois   .            u - +2 hat
rElec   +            e - +2 cloak {Stlth+}
rCorr   .            K - +0 pair of gloves
SInv    +            (no boots)
Will    .....        m - amulet "Guet" {rElec Regen+ Dex+3}
Stlth   ++           l - +4 ring of protection
HPRegen 1.25/turn    P - +5 ring of evasion
MPRegen 0.18/turn

%: random rage (3%)
@: lethally poisoned (-2 -> -38), constricted
A: horns 2, retaliatory headbutt, berserk 1
a: Renounce Religion, Heroism, Finesse, Duel


You were on level 2 of the Snake Pit.
You worshipped Okawaru.
Okawaru was exalted by your worship.
You visited 5 branches of the dungeon, and saw 25 of its levels.

You collected 2493 gold pieces.
You spent 227 gold pieces at shops.

Inventory:

Hand Weapons
 k - the +8 lajatang "Kasosuuqaga" (weapon) {spect, Dex+2 Stlth+}
   (Okawaru gifted it to you on level 3 of the Lair of Beasts)

   Dex+2:     It affects your dexterity (+2).
   Stlth+:    It makes you more stealthy.
 I - the +6 shillelagh "Devastator" {shatter}
   (You found it on level 9 of the Dungeon)
Missiles
 o - 9 javelins (quivered)
Armour
 e - a +2 cloak of stealth (worn)
 u - a +2 hat (worn)
 H - the +8 scale mail of Hiuc (worn) {rF+++ rC- Will- SInv}
   (You took it off a wight on level 8 of the Dungeon)

   rF+++:     It renders you almost immune to fire.
   rC-:       It makes you vulnerable to cold.
   Will-:     It decreases your willpower.
   SInv:      It lets you see invisible.
 K - a +0 pair of gloves (worn)
Magical Staves
 b - a staff of earth
Jewellery
 d - a ring of willpower
 l - a +4 ring of protection (left hand)
 m - the amulet "Guet" (around neck) {rElec Regen+ Dex+3}
   (You acquired it on level 14 of the Dungeon)

   [amulet of regeneration]

   Dex+3:     It affects your dexterity (+3).
   rElec:     It insulates you from electricity.
   Regen+:    It increases your rate of health regeneration.
 t - a ring of positive energy
 B - a ring of positive energy
 C - an amulet of reflection
 L - a ring of protection from cold
 N - a ring of resist corrosion
 P - a +5 ring of evasion (right hand)
 T - a ring of see invisible
 V - a ring of willpower
 X - a ring of flight
Scrolls
 a - a scroll of summoning {unknown}
 c - 4 scrolls of revelation
 f - 4 scrolls of immolation
 g - 4 scrolls of fog
 h - 11 scrolls of teleportation
 p - 6 scrolls of noise
 q - 8 scrolls of fear
 v - 2 scrolls of identify
 x - 4 scrolls of enchant armour {unknown}
 y - a scroll of acquirement
 z - a scroll of poison {unknown}
 A - 4 scrolls of blinking
 E - 3 scrolls of amnesia {unknown}
 J - 2 scrolls of silence {unknown}
 M - 2 scrolls of enchant weapon {unknown}
 O - 2 scrolls of vulnerability
 Q - a scroll of brand weapon {unknown}
Potions
 i - 4 potions of might
 j - 11 potions of curing
 n - 2 potions of heal wounds
 r - 6 potions of attraction
 s - a potion of cancellation
 w - 3 potions of magic
 F - a potion of invisibility
 G - a potion of resistance
 S - 3 potions of enlightenment
 Y - a potion of mutation {unknown}
 Z - a potion of berserk rage {unknown}
Miscellaneous
 D - a condenser vane
 R - a phial of floods
 W - a lightning rod (4/4)


   Skills:
 + Level 16.1 Fighting
 + Level 17.2 Staves
 - Level 2.0 Throwing
 * Level 15.4 Armour
 * Level 14.1 Dodging
 * Level 4.0 Earth Magic
 * Level 11.8 Invocations
 * Level 4.4 Evocations


You had 12 spell levels left.
You knew the following spells:

 Your Spells              Type           Power      Damage    Failure   Level
a - Stone Arrow           Conj/Erth      8%         3d7       67%         3

Your spell library contained the following spells:

 Spells                   Type           Power      Damage    Failure   Level
 Sandblast                Erth           16%        2d6       14%         1
 Passwall                 Erth           8%         N/A       38%         3
 Magic Dart               Conj           0%         1d3       58%         1
 Cigotuvi's Dreadful Rot  Necr/Alch/Air  0%         N/A       73%         2
 Lesser Beckoning         Tloc           0%         N/A       73%         2
 Searing Ray              Conj           0%         2d4       73%         2
 Fugue of the Fallen      Necr           0%         N/A       91%         3
 Gell's Gravitas          Tloc           0%         N/A       91%         3
 Inner Flame              Hex/Fire       0%         N/A       91%         3
 Ozocubu's Armour         Ice            0%         N/A       91%         3
 Teleport Other           Tloc           0%         N/A       91%         3
 Brom's Barrelling Bould  Conj/Erth      4%         2d3       97%         4
 Dispel Undead            Necr           0%         3d6       100%        4
 Flame Wave               Conj/Fire      0%         2d4       100%        4
 Fulminant Prism          Conj/Alch      0%         3d5       100%        4
 Manifold Assault         Tloc           0%         N/A       100%        4
 Passage of Golubria      Tloc           0%         N/A       100%        4
 Sticky Flame             Fire/Alch      0%         2d4       100%        4
 Vhi's Electric Charge    Tloc/Air       0%         N/A       100%        4
 Arcjolt                  Conj/Air       0%         1d10      100%        5
 Silence                  Hex/Air        0%         N/A       100%        5
 Dispersal                Tloc           0%         N/A       100%        6
 Disjunction              Tloc           0%         N/A       100%        8
 Lehudib's Crystal Spear  Conj/Erth      2%         10d2      100%        8
 Maxwell's Capacitive Co  Air            0%         ∞         100%        8
 Martyr's Knell           Necr/Summ      Unusable   N/A       N/A         4
 Death Channel            Necr           Unusable   N/A       N/A         6

Dungeon Overview and Level Annotations

Branches:
Dungeon (15/15)            Temple (1/1) D:5            Lair (5/5) D:10
  Swamp (0/4) Lair:3        Snake (2/4) Lair:3        Slime (0/5) Lair:5
    Orc (2/2) D:10            Elf (0/3) Orc:2        Vaults (0/5) D:14
 Depths (0/4) D:15

Altars:
Ashenzari
Cheibriados
Dithmenos
Elyvilon
Fedhas
Gozag
Hepliaklqana
Kikubaaqudgha
Makhleb
Nemelex Xobeh
Okawaru
Qazlal
Ru
Sif Muna
Trog
Uskayaw
Vehumet
Wu Jian
Xom
Yredelemnul
Zin
The Shining One
Lugonu

Shops:
D:1 (   D:8 *   D:10 [(   Orc:2 [:[(

Portals:
Abyss: Lair:5

Annotations:
D:7 3 runed translucent doors, Gadfly's ghost, novice OnBe


Innate Abilities, Weirdness & Mutations

You have a pair of horns on your head.
You reflexively headbutt those who attack you in melee.
You sometimes lose your temper in combat.


Message History

The grasping roots grab you!
The naga is unaffected. x2; The grasping roots constrict you.
You barely miss the naga. You headbutt the naga!
The naga is moderately wounded.
Your +8 lajatang "Kasosuuqaga" {spect, Dex+2 Stlth+} barely misses the naga.
You feel very sick.
You are more poisoned.
The naga misses you. You furiously retaliate!
You headbutt the naga, but do no damage.
Unknown command.
You closely miss the naga. You headbutt the naga!
The naga is severely wounded.
Your +8 lajatang "Kasosuuqaga" {spect, Dex+2 Stlth+} hits the naga.
You feel very sick.
You are more poisoned.
The naga ritualist's toxic aura wanes.
The naga spits poison at you.
The splash of poison hits you but does no damage.
You are more poisoned.
The grasping roots constrict you.
You slash the naga!
You kill the naga!
Okawaru accepts your kill.
Your +8 lajatang "Kasosuuqaga" {spect, Dex+2 Stlth+} disappears.
You feel extremely sick. The naga hits you with a +0 flail!
* * * LOW HITPOINT WARNING * * *
The naga grabs you. The naga constricts you.
The naga ritualist mumbles some strange prayers to its god.
The naga ritualist begins to radiate toxic energy.
* * * LOW HITPOINT WARNING * * *
You are more poisoned.
You hit the naga ritualist but do no damage.
You headbutt the naga ritualist!
The naga ritualist is moderately wounded.
Your +8 lajatang "Kasosuuqaga" {spect, Dex+2 Stlth+} closely misses the naga ritualist.
* * * LOW HITPOINT WARNING * * *
You feel extremely sick.
* * * LOW HITPOINT WARNING * * *
You are more poisoned.
The naga hits you with a +0 flail!
You die...

###.## ........ ....#
........ ##
....###.......
###.##.#...#..... ##
#......#...#... .#.
###....|.#...#.### #.#.
.........?.>..)..###....
......N..##..#........##
......N@..####....#.....
......)(### #...>.#)..#.
##......# #.....#)).#
.......## #.#...#)###
.#..... #..#...#)#
###.## #......#)## ##
...###.#..### ....
#....... ..... ##..)([.


You could see a naga ritualist (strong, toxic aura), a naga (strong) and a
friendly +8 lajatang "Kasosuuqaga" {spect, Dex+2 Stlth+}.

Vanquished Creatures
  Saint Roka (Orc:2)
  Rupert (Lair:3)
  Gastronok (D:11)
  Agnes (D:14)
  A frost giant (D:15)
  A war gargoyle (D:14)
  Josephine (D:12)
  A fire dragon (D:14)
  Snorg (D:14)
  An entropy weaver (shapeshifter) (D:14)
  5 hydras
  A rakshasa (D:14)
  Erolcha (D:10)
  A vault guard (D:14)
  An anaconda (Snake:1)
  6 centaur warriors
  A dancing weapon (D:14)
  6 naga warriors
  6 boulder beetles
  2 tengu warriors (D:15)
  3 two-headed ogres
  2 orc high priests
  2 shock serpents (Snake:2)
  4 thrashing horrors (Lair:5)
  Nergalle (D:11)
  A deep elf knight (D:14)
  4 naga sharpshooters
  A salamander mystic (Snake:1)
  3 skysharks
  A mana viper (Snake:2)
  6 skeletal warriors
  An arcanist (D:11)
  A deep elf archer (D:14)
  A lindwurm (shapeshifter) (D:14)
  A deep elf pyromancer (D:15)
  5 orc knights
  7 salamanders
  4 cyclopes
  3 manticores
  2 orc sorcerers (Orc:2)
  17 ugly things
  A naga mage (Snake:1)
  13 elephants
  A guardian serpent (Snake:2)
  A smoke demon (Lair:5)
  2 gargoyles (D:12)
  A torpor snail (Lair:4)
  12 black mambas
  9 kobold blastminers (Orc:2)
  A large abomination (Lair:5)
  A cane toad (shapeshifter) (D:15)
  5 rime drakes
  6 komodo dragons
  12 cane toads
  3 freezing wraiths
  A yaktaur (D:14)
  A rime drake (shapeshifter) (D:15)
  5 tengu conjurers
  A queen bee (shapeshifter) (D:14)
  5 trolls
  A polar bear (Lair:4)
  A polar bear (shapeshifter) (D:15)
  A hornet (D:14)
  A troll (shapeshifter) (D:14)
  29 blink frogs
  A raiju (Lair:5)
  A centaur simulacrum (D:12)
  A shadow (D:11)
  10 slime creatures
  2 spriggans (shapeshifter)
  A spriggan (Lair:5)
  5 wraiths (D:12)
  A ynoxinul (Lair:5)
  2 vampires
  8 basilisks
  Grum (D:10)
  35 yaks
  2 steam dragons (D:9)
  A redback (D:14)
  3 chaos spawn (Lair:5)
  Menkaure (D:4)
  A warg (Orc:2)
  2 acid dragons
  11 nagas
  11 small abominations (Lair:5)
  15 water moccasins
  A black bear (Lair:3)
  2 sky beasts
  A swamp drake (shapeshifter) (D:14)
  35 orc warriors
  4 laughing skulls (D:15)
  11 ogres
  7 boggarts
  12 wolves
  15 centaurs
  A kobold brigand (D:10)
  17 bullfrogs
  A bullfrog (shapeshifter) (Lair:5)
  A gnoll sergeant (D:10)
  4 scorpions
  4 wights (D:8)
  2 electric eels (Lair:3)
  10 howler monkeys
  3 bombardier beetles
  A crimson imp (D:11)
  16 orc priests
  4 hounds
  16 jellies
  A hound (shapeshifter) (D:14)
  8 iguanas
  28 orc wizards
  3 sleepcaps
  6 hell rats (Lair:5)
  5 gnolls (D:10)
  13 adders
  2 white imps
  4 ufetubi (D:7)
  3 dart slugs
  82 orcs
  6 bats
  6 endoplasms
  3 giant cockroaches
  8 goblins
  6 hobgoblins
  4 jackals
  5 quokkas
  6 ball pythons
  6 frilled lizards
  11 kobolds
  5 rats
728 creatures vanquished.

Vanquished Creatures (others)
  An ogre mage (D:14)
  5 spectral weapons
6 creatures vanquished.

Grand Total: 734 creatures vanquished

Notes
Turn   | Place    | Note
-------+----------+-------------------------------------------
     0 | D:1      | lordive the Minotaur Gladiator began the quest for the Orb.
     0 | D:1      | Reached XP level 1. HP: 18/18 MP: 0/0
   161 | D:1      | Reached skill level 4 in Staves
   163 | D:1      | Reached XP level 2. HP: 23/25 MP: 1/1
   483 | D:1      | Found Ugestracw's Weapon Emporium.
   511 | D:1      | Found a faded altar of an unknown god.
   570 | D:1      | Reached skill level 1 in Armour
   574 | D:1      | Reached XP level 3. HP: 29/30 MP: 2/2
  1027 | D:2      | Found a sacrificial altar of Ru.
  1114 | D:2      | Reached XP level 4. HP: 37/37 MP: 3/3
  1592 | D:3      | Reached skill level 5 in Staves
  2145 | D:4      | Reached XP level 5. HP: 39/45 MP: 4/4
  2286 | D:4      | Reached skill level 6 in Staves
  2343 | D:4      | Reached XP level 6. HP: 39/52 MP: 5/5
  2512 | D:4      | Noticed Menkaure
  2529 | D:4      | Killed Menkaure
  2530 | D:4      | Reached skill level 7 in Staves
  2530 | D:4      | Reached XP level 7. HP: 16/59 MP: 6/6
  2839 | D:5      | Entered Level 5 of the Dungeon
  3158 | D:5      | Reached skill level 8 in Staves
  3281 | D:5      | Found a white marble altar of Elyvilon.
  3536 | D:5      | Found a staircase to the Ecumenical Temple.
  3619 | D:5      | Reached skill level 5 in Fighting
  3619 | D:5      | Reached XP level 8. HP: 68/68 MP: 7/7
  3665 | Temple   | Entered the Ecumenical Temple
  3673 | Temple   | Became a worshipper of Warmaster Okawaru
  3919 | D:5      | Reached skill level 9 in Staves
  3919 | D:5      | Reached skill level 5 in Armour
  4418 | D:6      | Reached skill level 5 in Dodging
  4915 | D:6      | Reached skill level 1 in Invocations
  4974 | D:6      | You fall into a shaft and drop 2 floors!
  5003 | D:8      | Reached * piety under Okawaru
  5199 | D:8      | Reached skill level 10 in Staves
  5311 | D:8      | Reached XP level 9. HP: 29/69 MP: 9/9
  5878 | D:7      | Reached ** piety under Okawaru
  6043 | D:7      | Found a runed translucent gate.
  6043 | D:7      | Found a runed translucent gate.
  6097 | D:7      | Reached skill level 11 in Staves
  6263 | D:7      | Found a runed translucent gate.
  6263 | D:7      | Found an opulent altar of Gozag.
  6267 | D:7      | Noticed Gadfly's ghost (novice OnBe)
  6303 | D:7      | an ogre changed into an entropy weaver
  6303 | D:7      | Noticed an entropy weaver (shapeshifter)
  6308 | D:7      | an entropy weaver changed into a sky beast
  7085 | D:8      | Identified the +8 scale mail of Hiuc {rF+++ rC- Will- SInv}
  7269 | D:8      | Found Uwaw's General Store.
  7277 | D:8      | Bought a scroll of identify for 32 gold pieces
  7457 | D:9      | Noticed a two-headed ogre
  7469 | D:9      | Killed a two-headed ogre
  7469 | D:9      | Reached *** piety under Okawaru
  7640 | D:9      | Reached skill level 12 in Staves
  7676 | D:9      | Found the +6 shillelagh "Devastator" {shatter}
  7695 | D:9      | Reached XP level 10. HP: 84/84 MP: 12/12
  7722 | D:9      | Found a hide-covered altar of Uskayaw.
  7853 | D:9      | Found a sacrificial altar of Ru.
  7994 | D:10     | Entered Level 10 of the Dungeon
  8018 | D:10     | Noticed Erolcha
  8026 | D:10     | Killed Erolcha
  8026 | D:10     | Reached **** piety under Okawaru
  8051 | D:10     | Found Unko Qan's Weapon Shop.
  8054 | D:10     | Found a staircase to the Orcish Mines.
  8062 | D:10     | Reached skill level 13 in Staves
  8116 | D:10     | Found Fifaok's Armour Shop.
  8316 | D:10     | Found a staircase to the Lair.
  8596 | D:10     | Noticed Grum
  8599 | D:10     | Reached skill level 5 in Invocations
  8603 | D:10     | Killed Grum
  8978 | Lair:1   | Entered Level 1 of the Lair of Beasts
  8978 | Lair:1   | Noticed a black mamba
  8988 | Lair:1   | Killed a black mamba
  8988 | Lair:1   | Reached ***** piety under Okawaru
  9170 | Lair:1   | Noticed a black mamba
  9176 | Lair:1   | Killed a black mamba
  9184 | Lair:1   | Reached skill level 14 in Staves
  9304 | Lair:1   | Reached XP level 11. HP: 77/94 MP: 14/14
  9500 | Lair:1   | Received a gift from Okawaru
 10385 | Lair:2   | Noticed a seven-headed hydra
 10392 | Lair:2   | Killed a seven-headed hydra
 10392 | Lair:2   | Reached ****** piety under Okawaru
 10401 | Lair:2   | Received a gift from Okawaru
 10402 | Lair:2   | Reached skill level 10 in Armour
 10588 | Lair:2   | Reached skill level 10 in Fighting
 10851 | Lair:2   | Reached XP level 12. HP: 106/106 MP: 16/16
 11188 | Lair:3   | Found a staircase to the Swamp.
 11507 | Lair:3   | Found a staircase to the Snake Pit.
 11514 | Lair:3   | Received a gift from Okawaru
 11514 | Lair:3   | Noticed an eight-headed hydra
 11809 | Lair:3   | Killed an eight-headed hydra
 12101 | Lair:3   | Acquired the +8 lajatang "Kasosuuqaga" {spect, Dex+2
                  | Stlth+}
 12101 | Lair:3   | Received a gift from Okawaru
 12172 | Lair:3   | Noticed Rupert
 12179 | Lair:3   | Killed Rupert
 12179 | Lair:3   | Received a gift from Okawaru
 12721 | Lair:4   | Reached skill level 10 in Dodging
 12965 | Lair:4   | Identified a scroll of acquirement
 13099 | Lair:4   | Received a gift from Okawaru
 13102 | Lair:4   | Reached XP level 13. HP: 44/117 MP: 18/18
 13625 | Lair:4   | Found a hazy altar of Hepliaklqana.
 14065 | Lair:5   | Entered Level 5 of the Lair of Beasts
 14182 | Lair:5   | Received a gift from Okawaru
 14253 | Lair:5   | Found a staircase to the Slime Pits.
 14778 | Lair:5   | Received a gift from Okawaru
 15390 | Lair:5   | Reached skill level 15 in Staves
 15392 | Lair:5   | Received a gift from Okawaru
 15398 | Lair:5   | Reached skill level 10 in Invocations
 15604 | Lair:5   | Found a corrupted altar of Lugonu.
 15604 | Lair:5   | Found a one-way gate to the infinite horrors of the Abyss.
 16102 | Orc:1    | Entered Level 1 of the Orcish Mines
 16716 | Orc:1    | Gained mutation: You sometimes lose your temper in combat.
                  | [a neqoxec]
 16854 | Orc:1    | Reached XP level 14. HP: 129/129 MP: 20/20
 17042 | Orc:2    | Entered Level 2 of the Orcish Mines
 17074 | Orc:2    | Received a gift from Okawaru
 17477 | Orc:2    | Found a staircase to the Elven Halls.
 17513 | Orc:2    | Paralysed by an orc sorcerer for 2 turns
 17521 | Orc:2    | Found Qoyskar's Book Emporium.
 17626 | Orc:2    | Noticed Saint Roka
 17934 | Orc:2    | Found Maihuaniq's Antique Armour Shoppe.
 18133 | Orc:2    | Killed Saint Roka
 18133 | Orc:2    | Received a gift from Okawaru
 18623 | Orc:2    | Found Mumnow's Antique Armour Emporium.
 18669 | Orc:2    | Found Abagur's Antique Weapon Shoppe.
 18678 | Orc:2    | Bought a runed cloak for 195 gold pieces
 19728 | D:11     | Noticed Nergalle
 19738 | D:11     | Killed Nergalle
 19837 | D:11     | Received a gift from Okawaru
 19990 | D:11     | Acquired the +6 chain mail of the Land of Plenty {rF- rN++
                  | rCorr Stlth+}
 19990 | D:11     | Received a gift from Okawaru
 20307 | D:11     | Noticed Gastronok
 20318 | D:11     | Killed Gastronok
 20528 | D:12     | Learned a level 3 spell: Stone Arrow
 21139 | D:12     | Noticed Josephine
 21146 | D:12     | Killed Josephine
 21153 | D:12     | Reached skill level 16 in Staves
 21613 | D:12     | Reached skill level 1 in Evocations
 22008 | D:13     | Reached skill level 1 in Earth Magic
 22051 | D:13     | Received a gift from Okawaru
 22247 | D:13     | Reached XP level 15. HP: 139/139 MP: 19/22
 22591 | D:14     | Found a gate to the Vaults.
 22643 | D:14     | Noticed Agnes
 22649 | D:14     | Killed Agnes
 22697 | D:14     | Reached skill level 15 in Fighting
 22834 | D:14     | Noticed Snorg
 22840 | D:14     | Killed Snorg
 22864 | D:14     | Received a gift from Okawaru
 22950 | D:14     | Found a runed translucent door.
 22982 | D:14     | Found an ornate altar of the Wu Jian Council.
 23054 | D:14     | Identified the +8 long sword of Magnificence {heavy, rCorr
                  | Str+4 Int-5 SInv}
 23564 | D:14     | Acquired the amulet "Guet" {rElec Regen+ Dex+3}
 23609 | D:14     | Received a gift from Okawaru
 23614 | D:14     | Reached skill level 15 in Armour
 23618 | D:14     | Paralysed by a hornet for 1 turns
 23632 | D:14     | HP: 2/138 [deep elf archer/staff of air (12)]
 23787 | D:15     | Entered Level 15 of the Dungeon
 24083 | D:15     | Found a radiant altar of Vehumet.
 24357 | D:15     | Found a staircase to the Depths.
 24382 | D:15     | Noticed a frost giant
 24390 | D:15     | Killed a frost giant
 24922 | Snake:1  | Entered Level 1 of the Snake Pit
 25012 | Snake:1  | Received a gift from Okawaru
 25357 | Snake:1  | Reached skill level 17 in Staves
 25631 | Snake:1  | Reached XP level 16. HP: 151/151 MP: 23/23
 26398 | Snake:2  | Received a gift from Okawaru
 26518 | Snake:2  | Slain by a naga

Illustrated notes

Levels and vault maps discovered:
D:1:      hellmonk_arrival_library, layout_basic,
          hellmonk_ecumenical_altar_heavens_door, serial_shops,
          nicolae_shop_tiny_statue_garden, minmay_ruptured
D:2:      layout_loops_corners, basic_altar, kennysheep_generic_room_3
D:3:      layout_basic
D:4:      layout_basic, st_stairs_13, minmay_bent, uniq_menkaure
D:5:      layout_basic, elyvilon_altar_4, minmay_temple_entry_mini_moons,
          kennysheep_generic_room_15
D:6:      layout_cave_pods, minmay_crystal_room, grunt_ministairs_9,
          nicolae_titane
D:7:      layout_cave_pods, ebering_ghost_gozag,
          minmay_fractal_squares_diagonal_5
D:8:      layout_loops_corners, serial_shops, shop, billiards_dpeg
D:9:      layout_rooms, nicolae_ru_the_path_less_chosen,
          mainiacjoe_overflow_cross_hatched, nicolae_hexahallways
D:10:     layout_basic, lair_entry_dummy, orc_david_3, dk_noncrumbling_3,
          minmay_statues_item, hangedman_glass_teeth, hangedman_decor_opposing,
          uniq_erolcha, uniq_grum
D:11:     layout_basic, lightli_wizard_tower, uniq_nergalle, uniq_gastronok
D:12:     layout_roguey, uniq_josephine
D:13:     layout_rooms, grunt_decor_resistance
D:14:     layout_cave_pools, erik_vaults_1, pdpol_wu_jian_five_deadly_venoms,
          minmay_st_funbox, minmay_the_grid_2x2 [minmay_the_grid_rooms,
          minmay_the_grid_minigrid_medium, minmay_the_grid_holed_spiral,
          minmay_the_grid_prize_trominoes], uniq_agnes, uniq_snorg
D:15:     grunt_enter_depths_snipers, layout_irregular_city, lemuel_round_altar
Temple:   nicolae_temple_bog_church
Lair:1:   layout_cave_pods
Lair:2:   layout_misc_corridors
Lair:3:   layout_chaotic_city, minmay_swamp_entry_eels, dummy_snake_entry,
          st_stairs_10, chequers_serial_rivers_small_3, beast_lair_carwin_4,
          uniq_rupert
Lair:4:   layout_gridlike, bh_autumn_forest_stairs, fungi_pond_lemuel,
          chequers_serial_rivers_micro_c, lemuel_centaur_altar,
          grunt_megastairs_3
Lair:5:   hellmonk_lair_end_abyssal_woods, layout_cave_pods,
          minmay_slime_entry_jelly_boxes, grunt_megastairs_4
Snake:1:  layout_onion_interference
Snake:2:  layout_honeycomb
Orc:1:    layout_caves
Orc:2:    grunt_orc_community_town_hall, layout_caves,
          grunt_orc_community_big_house_2, grunt_orc_community_big_house_2,
          grunt_orc_community_house_1, grunt_orc_community_house_2,
          grunt_orc_community_house_1, grunt_orc_community_house_2,
          grunt_orc_community_house_1, grunt_orc_community_house_2

Skill      XL: |  1  2  3  4  5  6  7  8  9 10 11 12 13 14 15 16 |
---------------+-------------------------------------------------+-----
Staves         | 4 5 6 7 8 10 12 14 15 16 17 | 17.2
Armour         | 1 2 3 4 6 7 10 12 13 14 15 | 15.4
Fighting       | 3 4 5 6 8 10 11 13 14 15 16 | 16.1
Dodging        | 4 5 6 7 9 10 12 13 14 | 14.1
Invocations    | 2 4 5 7 9 10 11 | 11.8
Evocations     | 1 4 |  4.4
Earth Magic    | 1 3 4 |  4.0
Throwing       | |  2.0

Action                     |  1- 3 |  4- 6 |  7- 9 | 10-12 | 13-15 | 16-18 || total
---------------------------+-------+-------+-------+-------+-------+-------++-------
  Melee: Quarterstaff      |    58 |   111 |   289 |     7 |       |       ||   465
         Headbutt          |    10 |    18 |    48 |    66 |   215 |    23 ||   380
         Shillelagh        |       |       |       |   228 |     9 |       ||   237
         Punch             |       |       |       |     1 |     1 |       ||     2
         Lajatang          |       |       |       |    71 |   835 |    64 ||   970
         Staff             |       |       |       |       |    44 |       ||    44
 Invoke: Receive Weapon    |       |       |       |     1 |       |       ||     1
         Heroism           |       |       |       |       |     1 |       ||     1
         Finesse           |       |       |       |       |     1 |       ||     1
         Receive Armour    |       |       |       |       |     1 |       ||     1
    Use: Potion            |       |     2 |       |     1 |     3 |       ||     6
         Scroll            |       |       |     9 |     9 |     4 |       ||    22
   Stab: Distracted        |       |       |       |     2 |     9 |       ||    11
         Sleeping          |       |       |       |       |     4 |     1 ||     5
 Armour: Leather armour    |    25 |    26 |   134 |       |       |       ||   185
         Ring mail         |       |    26 |    62 |       |       |       ||    88
         Scale mail        |       |       |    17 |   346 |   711 |    34 ||  1108
  Dodge: Dodged            |    31 |    67 |   194 |   234 |   754 |    44 ||  1324
